AoeStats
← TM Caesar

Pilgrims

508742768Analyzed
4v4 RM · 9d ago on Sep 23, 2026· 40m 59s· 8 players
Game mode
Random Map
Map size
Large (8 player)
Population
200
Speed
Normal
Resources
Standard
Victory
Conquest
Starting age
Dark Age
Ending age
Imperial Age
RankedLock teamsTeams togetherTeam positionsShared explorationLock speedFull tech treeHidden civsTurbo modeCheats
Victory
Defeat
🇨🇳 Vikings · China
1482
+16
🇺🇸 Dravidians · United States
1480
+16
🇨🇳 Berbers · China
1475
+17
🇺🇸 Khmer · United States
1447
+18
🇦🇷 Varangians · Argentina
1535
-19
🇩🇪 Mongols · Germany
1474
-16
🇩🇪 Armenians · Germany
1472
-16
🇪🇸 Lithuanians · Spain
1464
-16
karim1994karim2
10:29 Feudal Age
8:47 Loom
14:26 Castle Age
13:32 Horse Collar
14:43 Double-Bit Axe
18:24 Fletching
23:17 Bodkin Arrow
32:04 Padded Archer Armor
33:45 Leather Archer Armor
33:37 Thumb Ring
37:46 Imperial Age
37:33 Ballistics
38:10 Husbandry
38:20 Bloodlines
38:53 Wheelbarrow
40:27 Bracer
DaKrankVieh
3:06 Loom
12:25 Feudal Age
12:54 Double-Bit Axe
19:11 Castle Age
18:27 Fletching
20:04 Medium Warships
26:00 Horse Collar
31:02 Scale Mail Armor
31:12 Forging
38:04 Imperial Age
35:46 Bodkin Arrow
36:38 Ballistics
36:14 Gold Mining
36:36 Bow Saw
37:56 Wheelbarrow
38:42 Stone Mining
41:13 Murder Holes
42:22 Chemistry
41:25 Bracer
pepe_del_pardo
10:44 Feudal Age
8:59 Loom
13:30 Double-Bit Axe
15:15 Wheelbarrow
14:43 Horse Collar
23:29 Castle Age
25:39 Hand Cart
26:43 Scale Barding Armor
26:48 Forging
30:02 Bow Saw
39:11 Chain Barding Armor
TM Caesar
10:30 Feudal Age
11:39 Loom
15:09 Castle Age
13:20 Fletching
14:42 Double-Bit Axe
15:46 Bodkin Arrow
19:11 Bow Saw
19:50 Town Watch
27:21 Ballistics
27:46 Careening
31:23 Clinker Construction
34:43 Wheelbarrow
Problem
9:25 Loom
11:28 Feudal Age
13:00 Fletching
18:18 Castle Age
16:22 Double-Bit Axe
16:30 Fishing Lines
19:16 Medium Warships
19:02 Bodkin Arrow
19:50 Gillnets
20:31 Gillnets
23:28 Ballistics
28:25 Padded Archer Armor
29:09 Wheelbarrow
28:46 Town Watch
29:20 Elite Skirmisher
34:08 Thumb Ring
38:36 Imperial Age
36:45 Leather Archer Armor
37:16 Bow Saw
36:57 Gold Mining
39:21 Bracer
39:41 Hand Cart
40:26 Ring Archer Armor
39:29 Elite Elephant Archer
Milady
6:25 Loom
12:57 Feudal Age
15:05 Bloodlines
15:52 Forging
18:25 Scale Barding Armor
20:02 Double-Bit Axe
20:28 Fletching
25:41 Castle Age
27:36 Bodkin Arrow
freedom is not free
10:16 Feudal Age
10:48 Fishing Lines
13:25 Loom
17:14 Castle Age
15:21 Fletching
16:03 Double-Bit Axe
18:11 Medium Warships
17:53 Gillnets
18:08 Bodkin Arrow
18:13 Town Watch
18:54 Bow Saw
19:47 Clinker Construction
21:29 Ballistics
32:28 Imperial Age
32:50 Caravan
34:22 Chemistry
37:27 Two-Man Saw
37:14 Heavy Warships
38:02 Siphons
38:09 Careening
[Fx、]AirDk
4:37 Loom
10:18 Feudal Age
14:31 Double-Bit Axe
15:34 Fletching
21:47 Castle Age
21:06 Fishing Lines
22:44 Bodkin Arrow
23:01 Medium Warships
24:03 Bow Saw
26:23 Ballistics
26:21 Careening
27:04 Wheelbarrow
28:10 Gold Mining
29:14 Clinker Construction
29:07 Gillnets
30:38 Horse Collar
35:23 Imperial Age
33:15 Stone Mining
34:17 Hand Cart
34:04 Padded Archer Armor
33:45 Treadmill Crane
34:01 Murder Holes
34:17 Masonry
35:02 Leather Archer Armor
36:15 Bracer
37:16 Chemistry
36:38 Conscription
37:23 Ring Archer Armor
37:24 Husbandry
37:34 Bloodlines
37:03 Elite Camel Archer
39:03 Thumb Ring
39:02 Town Watch
39:40 Maghrebi Camels
39:42 Kasbah
40:10 Light Cavalry
41:00 Scale Barding Armor
41:06 Forging
42:04 Hoardings
Connection lost

Rejoining the realm…

Still unreachable

The connection could not be restored.

Session expired

The server has moved on; the page needs a fresh start.